 Dungeon Crawl Stone Soup version 0.30.0-29-ga12c61a403 (webtiles) character file.

Game seed: 12795659695609281410

175 qw the Chopper (level 5, -1/32 HPs)
             Began as a Gargoyle Fighter on June 5, 2023.
             Slain by a hound (5 damage)
             ... on level 4 of the Dungeon.
             The game lasted 00:01:26 (2969 turns).

qw the Chopper (Gargoyle Fighter)                   Turns: 2969, Time: 00:01:27

Health: -1/32      AC: 15    Str: 22    XL:     5   Next: 55%
Magic:  5/5        EV:  6    Int:  8    God:
Gold:   101        SH:  4    Dex:  9    Spells: 4/4 levels left

rFire   + . .        Y - +0 war axe
rCold   + . .        c - +0 buckler
rNeg    + . .        i - +0 plate armour
rPois   inf          (no helmet)
rElec   +            b - scarf {rC+ rF+}
rCorr   .            (no gloves)
SInv    .            (no boots)
Will    .....        n - amulet of the acrobat Stlth
                     (no ring)
HPRegen 0.25/turn    (no ring)
MPRegen 0.09/turn

%: acrobat
@: about to teleport
A: sickness immunity, AC +4, negative energy resistance 1, electricity
resistance, torment resistance 1, petrification resistance
a: no special abilities


You were on level 4 of the Dungeon.
You visited 1 branch of the dungeon, and saw 4 of its levels.

You collected 101 gold pieces.


Innate Abilities, Weirdness & Mutations

You are immune to sickness and miasma.
Your stone body is resilient. (AC +4)
You are immune to poison.
You resist negative energy. (rN+)
You are resistant to electric shocks. (rElec)
You are resistant to unholy torment.
You are immune to petrification.


   Skills:
 + Level 3.2 Fighting
 - Level 5.1 Axes
 - Level 3.2 Armour
 - Level 3.2 Shields


You had 4 spell levels left.
You didn't know any spells.
Your spell library was empty.

Inventory:

Hand Weapons
 m - a +0 mace
 Y - a +0 war axe (weapon)
Armour
 b - a scarf of resistance (worn)
 c - a +0 buckler (worn)
 i - a +0 plate armour (worn)
 l - a +1 hat
Jewellery
 h - a ring of fire
 n - an amulet of the acrobat (around neck)
Potions
 d - 2 potions of might
 e - a potion of attraction {unknown}
 f - 2 potions of lignification
 g - a potion of curing {unknown}
 j - a potion of degeneration {unknown}
 k - a potion of flight {unknown}

Dungeon Overview and Level Annotations

Branches:
Dungeon (4/15)
 Temple: D:4-7

Altars:
Kikubaaqudgha
Makhleb
Wu Jian
Zin
The Shining One

Shops:
D:2 (


Message History

You barely miss the phantom.
The phantom is heavily damaged.
The phantom hits you but does no damage.
You hit the phantom.
The phantom is heavily damaged.
The phantom hits you but does no damage.
The hound bites you but does no damage.
The phantom hits you but does no damage.
You slash the phantom!
You destroy the phantom!
You closely miss something. You hit the hound. You block the hound's attack.
The hound barely misses you. Something hits you but does no damage.
Your Axes skill increases to level 5!
You have reached level 5!
You hit the orc but do no damage.
The orc is heavily wounded.
You closely miss the orc. You barely miss something. You hit the hound.
Your surroundings seem slightly different.
You barely miss the orc.
The orc is heavily wounded.
You closely miss the orc. You barely miss something.
The orc hits you but does no damage. You block the orc's attack.
Something hits you. The orc barely misses you. x2
You hear some strange, mumbled words.
A puff of flame appears from out of thin air!
The puff of flame hits you but does no damage.
You resist.
2968 ||| READING scroll of teleportation.
As you read the scroll of teleportation, it crumbles to dust.
You feel strangely unstable. The orc hits you with a +0 war axe.
Something hits you but does no damage. The orc hits you but does no damage.
You slash the orc!
You kill the orc!
You barely miss something. You slash the orc!
You kill the orc!
You hear some strange, mumbled words.
Something tries to affect you, but you resist.
The hound bites you.
You die...

#.# .# #.#####.
####.......
#........## #
##........#...#
#............#
#..........._\#
#######..).........##
#..#.###@h.....#.#..#
##.......{.....######
###.########### #.#
#.######### #.#
#.##......# #.#
#.##.####.#### #.#
#..........<(# #.#
####.#..#.##.###.#
#.............#


You could see a hound.

Vanquished Creatures
  A phantom (D:4)
  3 adders (D:2)
  2 worms (D:3)
  2 orcs (D:4)
  4 ball pythons
  7 endoplasms
  5 giant cockroaches
  10 goblins
  6 hobgoblins
  3 jackals (D:3)
  2 quokkas (D:2)
  2 bats
  5 frilled lizards
  7 kobolds
  7 rats
66 creatures vanquished.

Notes
Turn   | Place    | Note
-------+----------+-------------------------------------------
     0 | D:1      | qw the Gargoyle Fighter began the quest for the Orb.
     0 | D:1      | Reached XP level 1. HP: 14/14 MP: 1/1
     0 | D:1      | 0 ||| qw: Version: 0.2-a-108-gee2c290
     0 | D:1      | 0 ||| qw: Game counter: 1432
     0 | D:1      | 0 ||| qw: Always use a shield: true
     0 | D:1      | 0 ||| qw: God list: Okawaru
     0 | D:1      | 0 ||| qw: Allow faded altars: false
     0 | D:1      | 0 ||| qw: Do Orc after D:15 true
     0 | D:1      | 0 ||| qw: Do second Lair branch before Depths: true
     0 | D:1      | 0 ||| qw: Lair rune preference: random
     0 | D:1      | 0 ||| qw: Plans: Normal, Zot:1-4, Slime:5, God:TSO, Crypt,
                  | Tomb, Abyss, Pan, Hells, Win
     0 | D:1      | 0 ||| PLANNING D:1-11
    70 | D:1      | Reached skill level 2 in Axes
    87 | D:1      | 87 ||| FLEEEEING.
   198 | D:1      | Reached XP level 2. HP: 19/19 MP: 2/2
   777 | D:1      | Reached skill level 3 in Axes
   916 | D:1      | 916 ||| DROPPING +0 club.
   935 | D:1      | Reached XP level 3. HP: 23/23 MP: 3/3
   951 | D:1      | 951 ||| Stepping ~*~*~tactically~*~*~ (hiding).
   953 | D:1      | 953 ||| Stepping ~*~*~tactically~*~*~ (hiding).
   980 | D:1      | 980 ||| UPGRADING to +0 plate armour.
   990 | D:1      | 990 ||| DROPPING +0 scale mail.
   991 | D:1      | 991 ||| READING scroll labelled FUSUAG IMPOMP.
   992 | D:1      | 992 ||| READING 2 scrolls labelled TAIH SAMNIGA.
   993 | D:1      | 993 ||| READING scroll labelled SONNOU PUPN.
   997 | D:1      | 997 ||| DRINKING 3 fuming brown potions.
   998 | D:1      | 998 ||| DROPPING 2 potions of brilliance.
   999 | D:1      | 999 ||| DROPPING scroll of amnesia.
  1031 | D:2      | Found Nucunaom's Weapon Emporium.
  1095 | D:2      | 1095 ||| Stepping ~*~*~tactically~*~*~ (stealth).
  1098 | D:2      | 1098 ||| Stepping ~*~*~tactically~*~*~ (stealth).
  1163 | D:2      | Found a glowing silver altar of Zin.
  1164 | D:2      | 1164 ||| Stepping ~*~*~tactically~*~*~ (hiding).
  1430 | D:2      | Reached XP level 4. HP: 28/28 MP: 4/4
  1568 | D:2      | Found a faded altar of an unknown god.
  1611 | D:2      | Reached skill level 4 in Axes
  1874 | D:2      | 1874 ||| UPGRADING to scarf of resistance.
  1947 | D:3      | 1947 ||| FLEEEEING.
  1948 | D:3      | 1948 ||| FLEEEEING.
  1951 | D:3      | 1951 ||| FLEEEEING.
  1952 | D:3      | 1952 ||| FLEEEEING.
  1953 | D:3      | 1953 ||| FLEEEEING.
  1954 | D:3      | 1954 ||| FLEEEEING.
  1955 | D:3      | 1955 ||| FLEEEEING.
  1956 | D:3      | 1956 ||| FLEEEEING.
  1957 | D:3      | 1957 ||| FLEEEEING.
  1958 | D:3      | 1958 ||| FLEEEEING.
  1959 | D:3      | 1959 ||| FLEEEEING.
  1960 | D:3      | 1960 ||| STAIRDANCE
  2180 | D:3      | Found an ornate altar of the Wu Jian Council.
  2329 | D:3      | Found an ancient bone altar of Kikubaaqudgha.
  2374 | D:3      | Found a glowing golden altar of the Shining One.
  2798 | D:3      | 2798 ||| UPGRADING to amulet of the acrobat.
  2803 | D:3      | 2803 ||| READING scroll labelled FUNOARRIED.
  2804 | D:3      | 2804 ||| READING scroll labelled VOKEHE YRETT.
  2805 | D:3      | 2805 ||| DRINKING 3 bubbling purple potions.
  2946 | D:4      | 2946 ||| Stepping ~*~*~tactically~*~*~ (stealth).
  2950 | D:4      | Noticed a phantom
  2953 | D:4      | 2953 ||| Stepping ~*~*~tactically~*~*~ (stealth).
  2959 | D:4      | HP: 7/28 [phantom (3)]
  2959 | D:4      | Found a burning altar of Makhleb.
  2960 | D:4      | 2960 ||| READING 2 scrolls of teleportation.
  2963 | D:4      | Killed a phantom
  2964 | D:4      | Reached skill level 5 in Axes
  2964 | D:4      | Reached XP level 5. HP: 9/32 MP: 5/5
  2967 | D:4      | HP: 8/32 [something (3)]
  2968 | D:4      | 2968 ||| READING scroll of teleportation.
  2969 | D:4      | Slain by a hound

Levels and vault maps discovered:
D:1:      evilmike_arrival_crescent, layout_loops_corners
D:2:      layout_loops_cross, serial_shops, shop, basic_altar,
          chequers_ecumenical_altar_twisty, nicolae_kite_square_tiling_tiny,
          dk_noncrumbling_2
D:3:      layout_basic, mainiacjoe_overflow_tiny_flanked,
          mainiacjoe_overflow_cross_hatched, tso_altar, mrwooster_statue_mirror
D:4:      mumra_celtic_spiral_tile, layout_loops_cross,
          makhleb_heckhound_becter, minmay_temple_entry_large_hall,
          serial_shops, shop, supply_closet_lemuel

Skill      XL: |  1  2  3  4 |
---------------+-------------+-----
Axes           | 2 3 5 |  5.1
Fighting       | |  3.2
Armour         | |  3.2
Shields        | |  3.2

Action                     |  1- 3 |  4- 6 || total
---------------------------+-------+-------++-------
  Melee: War axe           |   125 |    79 ||   204
    Use: Scroll            |     3 |     4 ||     7
         Potion            |     1 |     1 ||     2
 Armour: Scale mail        |    32 |       ||    32
         Plate armour      |    36 |    53 ||    89
  Dodge: Dodged            |    45 |    29 ||    74
  Block: Buckler           |    25 |    15 ||    40

Table legend:
 A = Non-vault XP
 B = Vault XP
 C = Vault XP percentage of total XP
 D = Non-vault monster count
 E = Vault monster count
 F = Vault count percentage of total count
                 A         B        C        D         E       F
            +---------+---------+-------+---------+---------+-------
      Total |     257 |       0 |   0.0 |      66 |       0 |   0.0
            +---------+---------+-------+---------+---------+-------
        D:1 |      38 |       0 |   0.0 |      24 |       0 |   0.0
        D:2 |      63 |       0 |   0.0 |      17 |       0 |   0.0
        D:3 |      45 |       0 |   0.0 |      22 |       0 |   0.0
        D:4 |     111 |       0 |   0.0 |       3 |       0 |   0.0
            +---------+---------+-------+---------+---------+-------
